 Dungeon Crawl Stone Soup version 0.24-a0-789-g35933f4585 (webtiles) character file.

Game seed: 981259559503710051, levelgen mode: deterministic

203 Johnny the Digger (level 5, -4/40 HPs)
             Began as a Demigod Earth Elementalist on Oct 10, 2019.
             Slain by a scorpion (6 damage)
             ... on level 4 of the Dungeon.
             The game lasted 00:03:47 (3317 turns).

Johnny the Digger (Demigod Earth Elementalist)      Turns: 3317, Time: 00:03:48

Health: -4/40      AC:  5    Str: 11    XL:     5   Next: 26%
Magic:  14/21      EV: 13    Int: 21    God:
Gold:   147        SH:  0    Dex: 19    Spells: 9/10 levels left

rFire    . . .     SeeInvis .   l - +0 short sword
rCold    . . .     Gourm    .   (no shield)
rNeg     . . .     Faith    .   c - +0 robe
rPois    .         Spirit   .   (no helmet)
rElec    .         Reflect  .   (no cloak)
rCorr    .         Harm     .   n - +2 pair of gloves
MR       .....                  (no boots)
Stlth    ++........             (no amulet)
HPRegen  0.13/turn              h - +3 ring of dexterity
MPRegen  0.17/turn              i - ring of magical power

@: lethally poisoned (-4 -> -20)
A: high mp 1
a: no special abilities


You were on level 4 of the Dungeon.
You were not hungry.

You visited 1 branch of the dungeon, and saw 4 of its levels.

You collected 147 gold pieces.

Inventory:

Hand Weapons
 l - a +0 short sword (weapon)
 q - a cursed +0 dagger
 r - a +0 flail of holy wrath
Missiles
 b - 124 stones (quivered)
Armour
 c - a +0 robe (worn)
 n - a +2 pair of gloves (worn)
Jewellery
 h - a +3 ring of dexterity (left hand)
 i - a ring of magical power (right hand)
 p - an uncursed ring of ice
Scrolls
 a - 2 scrolls of amnesia
 e - 2 scrolls of teleportation {unknown}
 f - 2 scrolls of remove curse {unknown}
 g - a scroll of enchant weapon {unknown}
 o - a scroll of enchant armour {unknown}
Potions
 j - a potion of haste {unknown}
 k - a potion of cancellation
 m - a potion of heal wounds {unknown}
Comestibles
 d - 4 rations
 s - a chunk of flesh


   Skills:
 + Level 1.6 Fighting
 + Level 2.6 Dodging
 - Level 1.7 Stealth
 * Level 3.1 Spellcasting
   Level 0.8 Transmutations
 * Level 4.0 Earth Magic


You had 9 spell levels left.
You knew the following spells:

 Your Spells              Type           Power        Failure   Level  Hunger
a - Sandblast             Erth           ###...       2%          1    None

Your spell library contained the following spells:

 Spells                   Type           Power        Failure   Level  Hunger
 Passwall                 Tmut/Erth      ##......     8%          2    ##.....
 Stone Arrow              Conj/Erth      ##....       17%         3    ###....
 Petrify                  Tmut/Erth      ##......     43%         4    ####...
 Lee's Rapid Deconstruct  Erth           ###.......   56%         5    ######.


Dungeon Overview and Level Annotations

Branches:
Dungeon (4/15)
 Temple: D:4-7


Innate Abilities, Weirdness & Mutations

You have an increased reservoir of magic. (+10% MP)


Message History

Unknown command.
Unknown command.
Unknown command.
Unknown command.
Unknown command.
Unknown command.
Unknown command.
Unknown command.
Unknown command.
Unknown command.
Unknown command.
Unknown command.
Unknown command.
Okay, then.
It was a potion of cancellation.
You feel magically purged.
* * * LOW HITPOINT WARNING * * *
You feel sick. The hound bites you.
* * * LOW HITPOINT WARNING * * *
The scorpion stings you.
You die...

..............# ...##
.......†..<...#......
......#.......#......
......#......##......
......#......##......
......#..............
..... #...........###
.... #...#.#........
........@s......
.........h.......
###...#.#........
..###.#........ ..
#.#........ .
........# . ........#
........#


You could see a scorpion and a hound.

Vanquished Creatures
  An orc priest (D:3)
  2 worker ants (D:4)
  4 adders
  3 oozes
  A worm (D:2)
  3 dart slugs
  3 orcs (D:3)
  A ball python (D:4)
  9 bats
  4 giant cockroaches
  7 goblins
  7 hobgoblins
  5 kobolds
  A quokka (D:3)
  2 frilled lizards
  16 rats
69 creatures vanquished.

Notes
Turn   | Place    | Note
-------+----------+-------------------------------------------
     0 | D:1      | Johnny the Demigod Earth Elementalist began the quest for
                  | the Orb.
     0 | D:1      | Reached XP level 1. HP: 14/14 MP: 5/5
   471 | D:1      | Reached XP level 2. HP: 17/22 MP: 7/7
   849 | D:1      | Reached skill level 3 in Earth Magic
  1185 | D:2      | Reached skill level 1 in Fighting
  1185 | D:2      | Reached XP level 3. HP: 17/28 MP: 7/9
  1589 | D:2      | Reached XP level 4. HP: 17/35 MP: 10/10
  2183 | D:3      | Found a faded altar of an unknown god.
  2419 | D:3      | Found a hide-covered altar of Uskayaw.
  2422 | D:3      | Noticed a +0 hand axe
  2422 | D:3      | Noticed a +0 hand axe
  3276 | D:4      | Reached XP level 5. HP: 36/40 MP: 12/12
  3295 | D:4      | Reached skill level 4 in Earth Magic
  3317 | D:4      | HP: 2/40 [hound (5)]
  3317 | D:4      | Slain by a scorpion

Levels and vault maps discovered:
D:1:      nicolae_arrival_somewhat_less_tricky_arrival, layout_rooms,
          kennysheep_decorative_pillar
D:2:      layout_basic, kennysheep_generic_room_8
D:3:      layout_loops_corners, dancing_weapons_uskayaw,
          chequers_ecumenical_altar_simple_redux, first_ration
D:4:      black_bear_nest_2, layout_basic, enter_ossuary_1, serial_shops, shop,
          uniq_ijyb

Skill      XL: |  1  2  3  4  5 |
---------------+----------------+-----
Spellcasting   | 2 3 |  3.1
Earth Magic    | 3 4 |  4.0
Dodging        | 2 |  2.6
Fighting       | 1 |  1.6
Stealth        | |  1.7
Transmutations | |  0.8

Action                   |  1- 3 |  4- 6 || total
-------------------------+-------+-------++-------
Melee: Unarmed           |    17 |       ||    17
       Club              |    28 |       ||    28
       Short sword       |    39 |    86 ||   125
 Cast: Sandblast         |    32 |    21 ||    53
  Use: Scroll            |       |     4 ||     4
       Potion            |       |     1 ||     1
 Stab: Sleeping          |     1 |     4 ||     5
  Eat: Chunk             |     2 |     6 ||     8
Armor: Robe              |    17 |    32 ||    49
Dodge: Dodged            |    81 |    74 ||   155

Table legend:
 A = Non-vault XP
 B = Vault XP
 C = Vault XP percentage of total XP
 D = Non-vault monster count
 E = Vault monster count
 F = Vault count percentage of total count
                 A         B        C        D         E       F
            +---------+---------+-------+---------+---------+-------
      Total |     290 |       0 |   0.0 |      69 |       0 |   0.0
            +---------+---------+-------+---------+---------+-------
        D:1 |      26 |       0 |   0.0 |      16 |       0 |   0.0
        D:2 |      99 |       0 |   0.0 |      27 |       0 |   0.0
        D:3 |      95 |       0 |   0.0 |      23 |       0 |   0.0
        D:4 |      70 |       0 |   0.0 |       3 |       0 |   0.0
            +---------+---------+-------+---------+---------+-------
